 Dungeon Crawl Stone Soup version 0.20.1-1-g8b1a95d (webtiles) character file.

42142 grizmgrazm2 the Unseen (level 13, -8/86 HPs)
             Began as a Vampire Enchanter on Sept 24, 2017.
             Was an Elder of Sif Muna.
             Mangled by a crocodile (16 damage)
             ... on level 5 of the Lair of Beasts.
             The game lasted 01:58:59 (21292 turns).

grizmgrazm2 the Unseen (Vampire Enchanter)         Turns: 21292, Time: 01:59:00

Health: -8/86      AC:  0    Str:  7    XL:     13   Next: 83%
Magic:  26/27      EV: 26    Int: 21    God:    Sif Muna [****..]
Gold:   1116       SH:  0    Dex: 21    Spells: 3/33 levels left

rFire    . . .     SeeInvis +   (weapon currently unavailable)
rCold    . . .     Gourm    .   (shield currently unavailable)
rNeg     + . .     Faith    .   (armour currently unavailable)
rPois    .         Spirit   .   (helmet currently unavailable)
rElec    .         Reflect  .   (cloak currently unavailable)
rCorr    .         Harm     .   (gloves currently unavailable)
MR       +....                  (boots currently unavailable)
Stlth    +++++++++.             g - amulet of magic regeneration
Regen    0.3/turn               (ring currently unavailable)
MPRegen  0.3/turn               (ring currently unavailable)

@: bat-form, flying, very quick
A: fangs 3, see invisible
a: End Transformation, Divine Energy, Channel Magic, Forget Spell, Renounce
Religion


You were on level 5 of the Lair of Beasts.
You worshipped Sif Muna.
Sif Muna was greatly pleased with you.
You were not thirsty.
You were in vampire-bat-form.
You visited 3 branches of the dungeon, and saw 19 of its levels.

You collected 1326 gold pieces.
You spent 210 gold pieces at shops.

Inventory:

Hand Weapons
 a - a +2 dagger
 B - a +5 dagger of venom (melded)
 J - a +1 dagger of flaming
Missiles
 R - 53 bolts (quivered)
Armour
 b - a +1 robe (melded)
 i - a +0 buckler of protection (melded)
 l - a +0 pair of gloves (melded)
 A - a +0 pair of boots (melded)
 C - +0 acid dragon scales
 D - a scarf of repulsion (melded)
 H - a +2 hat (melded)
Jewellery
 g - an amulet of magic regeneration (around neck)
 n - a ring of wizardry (melded)
 s - an uncursed ring of ice
 y - a +4 ring of evasion
 F - a ring of magical power (melded)
Wands
 e - a wand of paralysis (14/24)
 j - a wand of iceblast (2/15)
 o - a wand of disintegration (23/24)
 p - a wand of acid (6/15)
 q - a wand of digging (14/24)
 r - a wand of lightning (12/15)
 z - a wand of scattershot (5/9)
 E - a wand of lightning (5/15)
 I - a wand of digging (10/24)
 M - a wand of polymorph (17/24)
Scrolls
 h - a scroll of remove curse
 t - 4 scrolls of teleportation
 K - 3 scrolls of identify
 N - a scroll of recharging
Potions
 d - 18 potions of blood
 f - 2 potions of curing
 k - a potion of heal wounds
 u - a potion of magic
 G - a potion of haste
Books
 c - a book of Maledictions

   Spells                             Type                      Level
   a - Corona                         Hexes                        1
   b - Ensorcelled Hibernation        Hexes/Ice                    2
   c - Confuse                        Hexes                        3
   d - Tukima's Dance                 Hexes                        3
   e - Dazzling Spray                 Conjuration/Hexes            3
 m - a book of Enchantments

   Spells                             Type                      Level
   a - Cause Fear                     Hexes                        4
   b - Yara's Violent Unravelling     Hexes/Transmutation          5
   c - Silence                        Hexes/Air                    5
   d - Deflect Missiles               Charms/Air                   6
   e - Discord                        Hexes                        8
 v - a book of Flames

   Spells                             Type                      Level
   a - Flame Tongue                   Conjuration/Fire             1
   b - Throw Flame                    Conjuration/Fire             2
   c - Conjure Flame                  Conjuration/Fire             3
   d - Inner Flame                    Hexes/Fire                   3
   e - Sticky Flame                   Conjuration/Fire             4
   f - Fireball                       Conjuration/Fire             5
 O - a book of Misfortune

   Spells                             Type                      Level
   a - Confusing Touch                Hexes                        1
   b - Confuse                        Hexes                        3
   c - Gell's Gravitas                Translocation                3
   d - Petrify                        Transmutation/Earth          4
   e - Metabolic Englaciation         Hexes/Ice                    5
   f - Yara's Violent Unravelling     Hexes/Transmutation          5
 Q - Sif Muna's Tome of the Freezing Compass
   (Sif Muna gifted it to you on level 13 of the Dungeon)

   Spells                             Type                      Level
   a - Apportation                    Translocation                1
   b - Portal Projectile              Hexes/Translocation          3
   c - Passage of Golubria            Translocation                4
   d - Metabolic Englaciation         Hexes/Ice                    5
   e - Controlled Blink               Translocation                8


   Skills:
 + Level 3.3 Fighting
 + Level 7.1 Short Blades
 * Level 2.9 Armour
 + Level 6.0 Dodging
 + Level 19.5 Stealth
 - Level 5.0 Shields
 + Level 10.8 Spellcasting
 + Level 14.5 Hexes
 + Level 6.7 Ice Magic
 + Level 0.8 Evocations


You had 3 spell levels left.
You knew the following spells:

 Your Spells              Type           Power        Failure   Level  Hunger
a - Ensorcelled Hibernat  Hex/Ice        ######       1%          2    None
b - Confuse               Hex            ######..     1%          3    None
c - Tukima's Dance        Hex            ######..     1%          3    None
d - Discord               Hex            ######....   69%         8    #######
e - Metabolic Englaciati  Hex/Ice        ######....   1%          5    ####...
f - Yara's Violent Unrav  Hex/Tmut       #####.....   9%          5    ####...
g - Cause Fear            Hex            ######....   1%          4    ##.....


Dungeon Overview and Level Annotations

Branches:
Dungeon (13/15)            Temple (1/1) D:7            Lair (5/6) D:10
  Swamp (0/4) Lair:2        Snake (0/4) Lair:2          Orc (0/2) D:12
  Slime: Lair:5-6    Vaults: D:13-14

Altars:
Ashenzari
Cheibriados
Dithmenos
Elyvilon
Fedhas
Gozag
Hepliaklqana
Kikubaaqudgha
Makhleb
Nemelex Xobeh
Okawaru
Qazlal
Ru
Sif Muna
Trog
Uskayaw
Vehumet
Xom
Yredelemnul
Zin
The Shining One
Beogh

Shops:
D:6 [

Annotations:
Lair:4 Kirke


Innate Abilities, Weirdness & Mutations

You have razor-sharp teeth.
You have supernaturally acute eyesight. (SInv)
((You can survive without breathing.))


Message History

You block the elephant's attack. The elephant completely misses you.
You turn into a vampire bat.
Your +5 dagger of venom melds into your body.
Your scarf of repulsion melds into your body.
Your +2 hat melds into your body.
Your +0 pair of gloves melds into your body.
Your +0 pair of boots melds into your body.
Your +0 buckler of protection melds into your body.
Your +1 robe melds into your body.
Your ring of magical power melds into your body.
Your ring of wizardry melds into your body.
Your +5 dagger of venom stops dripping with poison.
The haze of the repulsion field disappears.
You feel less protected.
You feel your magic capacity decrease. The crocodile completely misses you.
The elephant misses you. The elephant barely misses you.
The elephant tramples you!
* * * LOW HITPOINT WARNING * * *
You are shoved backwards!
The crocodile bites you!
You die...

##P...#.. ##........
##.......<.
###P.........
##.#.......... ### ###
#.............
....#..####...........P.
.......#.#P...........P#
.......b.Y.............#
........tY...........###
.........†P........#.#.#
...........#............
...................#.#.#
.................... ...
................... #.#
.................. .>
................ #.#


You could see 2 elephants and a crocodile.

Vanquished Creatures
  Gastronok (D:12)
  6 hydras
  Erica (D:10)
  2 two-headed ogres
  4 death yaks
  A tengu warrior (D:13)
  The ghost of Scuka the Basher, a novice MiFi (D:7)
  Pikel (D:9)
  2 ugly things (D:11)
  A cyclops (D:11)
  6 elephants
  4 black mambas
  Joseph (Lair:1)
  3 gargoyles
  10 spiny frogs
  A rime drake (Lair:3)
  4 komodo dragons
  2 polar bears
  A queen bee (D:11)
  8 blink frogs (Lair:4)
  Grinder (D:3)
  2 trolls
  4 slime creatures (D:12)
  5 hippogriffs
  Sigmund (D:3)
  2 spriggans (Lair:2)
  2 wyverns
  A vampire (D:12)
  6 hogs (Lair:4)
  29 yaks
  4 basilisks
  An acid dragon (D:12)
  4 nagas (Lair:2)
  8 water moccasins
  A hell hound (D:10)
  5 porcupines
  An ice beast (D:7)
  3 orc warriors
  4 sky beasts
  2 phantoms
  8 ogres
  2 black bears
  3 wolves
  6 centaurs
  7 crocodiles
  4 big kobolds
  13 bullfrogs
  A wyvern skeleton (D:10)
  20 killer bees
  3 scorpions
  14 wights
  4 howler monkeys
  2 bullfrog zombies (D:12)
  4 crimson imps
  2 centaur zombies
  A gnoll shaman (D:6)
  6 hounds
  6 jellies
  Crazy Yiuf (D:7)
  2 bullfrog skeletons
  7 orc priests
  8 orc wizards
  A centaur skeleton (D:5)
  Jessica (D:3)
  9 worker ants
  3 hound zombies
  A howler monkey zombie (D:5)
  A worker ant zombie (D:10)
  11 gnolls
  2 howler monkey skeletons
  15 adders
  4 shadow imps
  4 oozes
  2 adder zombies (D:8)
  An adder skeleton (D:7)
  A dart slug (D:1)
  5 leopard geckos
  46 orcs
  2 ball pythons
  4 bats
  5 giant cockroaches
  8 hobgoblins
  8 jackals
  21 kobolds
  6 quokkas
  5 frilled lizards
  4 goblins
  A quokka skeleton (D:5)
  7 rats
448 creatures vanquished.

Vanquished Creatures (collateral kills)
  A two-headed ogre (D:9)
  5 wights
  5 orcs
  5 kobolds
16 creatures vanquished.

Vanquished Creatures (others)
  2 dancing weapons
  An adder (D:10)
  An orc (D:10)
  A fungus (Lair:3)
  A plant (Lair:3)
6 creatures vanquished.

Grand Total: 470 creatures vanquished

Notes
Turn   | Place    | Note
-------+----------+-------------------------------------------
     0 | D:1      | grizmgrazm2 the Vampire Enchanter began the quest for the Orb.
     0 | D:1      | Reached XP level 1. HP: 13/13 MP: 3/3
   522 | D:1      | Reached XP level 2. HP: 19/19 MP: 5/5
   526 | D:1      | Learned a level 2 spell: Ensorcelled Hibernation
  1492 | D:1      | Reached skill level 5 in Hexes
  1829 | D:2      | Reached XP level 3. HP: 24/24 MP: 6/6
  1834 | D:2      | Learned a level 3 spell: Confuse
  2528 | D:2      | Reached skill level 5 in Stealth
  2907 | D:3      | Noticed Jessica
  2913 | D:3      | Killed Jessica
  2913 | D:3      | Reached skill level 1 in Ice Magic
  2913 | D:3      | Reached XP level 4. HP: 30/30 MP: 4/7
  3064 | D:3      | Noticed Sigmund
  3082 | D:4      | Reached XP level 5. HP: 35/35 MP: 9/9
  3096 | D:4      | Reached skill level 1 in Shields
  3132 | D:4      | Reached skill level 6 in Stealth
  3487 | D:4      | Learned a level 3 spell: Tukima's Dance
  3632 | D:4      | Noticed an ogre
  3665 | D:4      | Killed an ogre
  3665 | D:4      | Reached XP level 6. HP: 16/42 MP: 1/10
  4506 | D:3      | Noticed Grinder
  4535 | D:3      | Killed Grinder
  4535 | D:3      | Reached skill level 7 in Stealth
  4535 | D:3      | Reached XP level 7. HP: 42/47 MP: 4/11
  4596 | D:3      | Found a basalt altar of Yredelemnul.
  4771 | D:3      | Killed Sigmund
  4830 | D:5      | Entered Level 5 of the Dungeon
  4878 | D:5      | Reached skill level 1 in Fighting
  5634 | D:5      | Reached XP level 8. HP: 54/54 MP: 7/14
  5728 | D:5      | Reached skill level 8 in Stealth
  6082 | D:6      | Found Rebryl's Antique Armour Shop.
  6085 | D:6      | Bought a runed hat for 210 gold pieces
  6578 | D:6      | Reached skill level 9 in Stealth
  6578 | D:6      | Reached skill level 5 in Spellcasting
  7073 | D:7      | Noticed Scuka's ghost (novice MiFi)
  7187 | D:7      | Noticed a hippogriff
  7777 | D:8      | Reached XP level 9. HP: 59/59 MP: 17/17
  8257 | D:8      | Found a sacrificial altar of Ru.
  8723 | D:9      | Noticed a troll
  8730 | D:9      | Killed a troll
  8730 | D:9      | Reached skill level 10 in Stealth
  8730 | D:9      | Reached skill level 5 in Shields
  8990 | D:9      | Noticed Pikel
  9061 | D:9      | Killed Pikel
  9115 | D:9      | Noticed a two-headed ogre
  9121 | D:9      | Killed a two-headed ogre
  9121 | D:9      | Reached skill level 11 in Stealth
  9121 | D:9      | Reached XP level 10. HP: 51/67 MP: 12/20
  9139 | D:9      | Noticed a two-headed ogre
  9144 | D:9      | Killed a two-headed ogre
  9467 | D:9      | Found a glowing golden altar of the Shining One.
  9468 | D:9      | Found a stormy altar of Qazlal.
  9632 | D:7      | Reached skill level 12 in Stealth
  9706 | D:7      | Found a staircase to the Ecumenical Temple.
  9711 | Temple   | Entered the Ecumenical Temple
  9871 | Temple   | Became a worshipper of Sif Muna the Loreminder
  9950 | D:7      | Found a radiant altar of Vehumet.
 10191 | D:7      | Found a runed door.
 10314 | D:7      | Killed Scuka's ghost
 10513 | D:7      | Noticed Crazy Yiuf
 10517 | D:7      | Killed Crazy Yiuf
 10593 | D:10     | Entered Level 10 of the Dungeon
 10593 | D:10     | Noticed a gargoyle
 10614 | D:10     | Reached skill level 13 in Stealth
 10625 | D:10     | Killed a gargoyle
 11053 | D:10     | Noticed Erica
 11268 | D:10     | Killed Erica
 11268 | D:10     | Reached skill level 5 in Short Blades
 11268 | D:10     | Reached skill level 14 in Stealth
 11268 | D:10     | Reached skill level 10 in Hexes
 11270 | D:10     | Found a staircase to the Lair.
 11820 | D:10     | Reached * piety under Sif Muna
 12184 | D:9      | Reached XP level 11. HP: 63/72 MP: 14/22
 12278 | D:10     | Found a roughly hewn altar of Beogh.
 12308 | Lair:1   | Entered Level 1 of the Lair of Beasts
 12308 | Lair:1   | Noticed a four-headed hydra
 12330 | Lair:1   | Killed a four-headed hydra
 12354 | Lair:1   | Noticed a four-headed hydra
 12361 | Lair:1   | Killed a four-headed hydra
 12503 | Lair:1   | Reached skill level 15 in Stealth
 12513 | Lair:1   | Noticed Joseph
 12565 | Lair:1   | Killed Joseph
 13674 | Lair:2   | Found a staircase to the Snake Pit.
 13703 | Lair:2   | Reached ** piety under Sif Muna
 13843 | Lair:2   | Reached skill level 16 in Stealth
 13943 | Lair:2   | Noticed a five-headed hydra
 14603 | Lair:2   | Killed a five-headed hydra
 14603 | Lair:2   | Reached skill level 5 in Dodging
 14716 | Lair:2   | Found a staircase to the Swamp.
 14902 | Lair:3   | Noticed a four-headed hydra
 14906 | Lair:3   | Killed a four-headed hydra
 14928 | Lair:3   | Reached XP level 12. HP: 80/80 MP: 24/24
 14995 | Lair:3   | Reached *** piety under Sif Muna
 15202 | Lair:3   | Learned a level 5 spell: Yara's Violent Unravelling
 15208 | Lair:3   | Learned a level 5 spell: Metabolic Englaciation
 15210 | Lair:3   | Learned a level 1 spell: Confusing Touch
 15550 | Lair:3   | Reached skill level 17 in Stealth
 15668 | Lair:3   | Reached skill level 5 in Ice Magic
 16079 | Lair:4   | Noticed Kirke
 16131 | Lair:4   | Noticed a death yak
 16131 | Lair:4   | Noticed a death yak
 16131 | Lair:4   | Noticed a death yak
 17092 | D:11     | Reached **** piety under Sif Muna
 17132 | D:11     | Reached skill level 18 in Stealth
 17149 | D:11     | Noticed a two-headed ogre
 17151 | D:11     | Killed a two-headed ogre
 17827 | D:12     | Reached XP level 13. HP: 86/86 MP: 21/26
 18242 | D:12     | Noticed Gastronok
 18269 | D:12     | Killed Gastronok
 18269 | D:12     | Reached skill level 10 in Spellcasting
 18380 | D:12     | Found a staircase to the Orcish Mines.
 19010 | D:13     | Reached ***** piety under Sif Muna
 19017 | D:13     | Identified Sif Muna's Tome of the Freezing Compass (Sif Muna gifted it to you on level 13 of the Dungeon)
 19017 | D:13     | Received a gift from Sif Muna
 19017 | D:13     | Reached skill level 1 in Armour
 19092 | D:13     | Learned a level 3 spell: Portal Projectile
 19373 | Lair:2   | Identified a scroll of acquirement
 19381 | Lair:2   | Learned a level 4 spell: Cause Fear
 19414 | Lair:4   | Reached skill level 19 in Stealth
 21021 | Lair:4   | Learned a level 8 spell: Discord
 21292 | Lair:5   | Mangled by a crocodile

Skill      XL: |  1  2  3  4  5  6  7  8  9 10 11 12 13 |
---------------+----------------------------------------+-----
Hexes          | 5 6 7 8 9 10 12 13 14 | 14.5
Stealth        | 5 6 7 9 11 14 16 18 19 | 19.5
Ice Magic      | 1 2 3 4 5 6 |  6.7
Short Blades   | 2 3 4 5 7 |  7.1
Shields        | 2 3 4 5 |  5.0
Spellcasting   | 3 4 5 6 7 8 9 10 | 10.8
Fighting       | 1 2 3 |  3.3
Dodging        | 3 4 5 6 |  6.0
Armour         | 2 |  2.9
Evocations     | |  0.8

Action                   |  1- 3 |  4- 6 |  7- 9 | 10-12 | 13-15 || total
-------------------------+-------+-------+-------+-------+-------++-------
Melee: Dagger            |    92 |    98 |   244 |   423 |   172 ||  1029
       Bite              |     5 |     7 |    23 |    27 |    17 ||    79
       Unarmed           |       |       |       |       |     1 ||     1
 Cast: Corona            |    16 |     3 |       |       |       ||    19
       Ensorcelled Hiber |    26 |    23 |    59 |   171 |    77 ||   356
       Confuse           |       |     4 |    50 |    56 |    42 ||   152
       Tukima's Dance    |       |       |    19 |     8 |    10 ||    37
       Metabolic Englaci |       |       |       |    11 |    17 ||    28
       Confusing Touch   |       |       |       |     2 |       ||     2
       Cause Fear        |       |       |       |       |     1 ||     1
Invok: Forget Spell      |       |       |       |       |     1 ||     1
 Abil: Bat Form          |       |       |     3 |     4 |     4 ||    11
       End Transformatio |       |       |     3 |     4 |     3 ||    10
Evoke: Wand              |       |       |     2 |     5 |       ||     7
  Use: Scroll            |     5 |     7 |     8 |    16 |     7 ||    43
       Potion            |     2 |     3 |     7 |     6 |    12 ||    30
 Stab: Sleeping          |    27 |    18 |    54 |   172 |    60 ||   331
       Confused          |       |     3 |    24 |    34 |    24 ||    85
  Eat: Corpse            |       |       |       |       |     1 ||     1
Armor: Robe              |    30 |    24 |    36 |    49 |     8 ||   147
       Acid dragon scale |       |       |       |       |    39 ||    39
Dodge: Dodged            |    55 |    46 |   153 |   273 |   141 ||   668
       Deflected         |       |       |       |     4 |     2 ||     6
Block: Buckler           |     1 |    11 |    41 |    91 |    44 ||   188
